 Dungeon Crawl Stone Soup version 0.22-a0-42-g002c468 (webtiles) character file.

539 Lanoc the Chopper (level 7, -8/61 HPs)
             Began as a Hill Orc Chaos Knight on Jan 5, 2018.
             Was an Initiate of Beogh.
             Mangled by Menkaure (17 damage)
             ... on level 5 of the Dungeon.
             The game lasted 00:12:14 (4347 turns).

Lanoc the Chopper (Hill Orc Chaos Knight)           Turns: 4347, Time: 00:12:15

Health: -8/61      AC:  8    Str: 15    XL:     7   Next: 26%
Magic:  8/8        EV: 11    Int: 12    God:    Beogh [......]
Gold:   328        SH:  0    Dex: 12    Spells: 6/6 levels left

rFire    + . .     SeeInvis .   a - +0 hand axe (chaos)
rCold    . . .     Gourm    .   (no shield)
rNeg     . . .     Faith    .   z - +1 ring mail {rF+}
rPois    .         Spirit   .   (no helmet)
rElec    .         Reflect  .   o - +0 cloak
rCorr    .         Harm     .   (no gloves)
MR       .....     Clarity  +   (no boots) Stlth +.........Rnd*Tele +
                                p - amulet of rage
HPRegen  0.20/turn              e - ring of teleportation (curse)
MPRegen  0.11/turn              (no ring)

@: no status effects
A: blurry vision 1, clarity, deterioration 1, MP-powered wands
a: Renounce Religion, Evoke Berserk Rage


You were on level 5 of the Dungeon.
You worshipped Beogh.
Beogh was noncommittal.
You were not hungry.

You visited 2 branches of the dungeon, and saw 6 of its levels.

You collected 328 gold pieces.

Inventory:

Hand Weapons
 a - a +0 hand axe of chaos (weapon)
Missiles
 f - 53 bolts
Armour
 o - a +0 cloak (worn)
 z - a +1 ring mail of fire resistance (worn)
Jewellery
 e - a cursed ring of teleportation (left hand)
 p - an amulet of rage (around neck)
Wands
 j - a wand of random effects (32)
 n - a wand of paralysis (11)
Scrolls
 b - a scroll of fog {unknown}
 d - 2 scrolls of magic mapping {unknown}
 g - a scroll of fear {unknown}
 i - 5 scrolls of identify {unknown}
 m - a scroll of amnesia {unknown}
 r - a scroll of enchant weapon {unknown}
 t - 2 scrolls of remove curse {unknown}
 u - a scroll of teleportation {unknown}
 w - a scroll of blinking {unknown}
 y - a scroll of random uselessness {unknown}
Potions
 h - a potion of heal wounds {unknown}
 k - a potion of flight {unknown}
 l - a potion of mutation
 q - a potion of might {unknown}
 s - a potion of cancellation {unknown}
 A - a potion of degeneration {unknown}
Books
 x - a book of Necromancy

   Spells                             Type                      Level
   a - Pain                           Necromancy                   1
   b - Animate Skeleton               Necromancy                   1
   c - Vampiric Draining              Necromancy                   3
   d - Regeneration                   Charms/Necromancy            3
   e - Animate Dead                   Necromancy                   4
   f - Borgnjor's Vile Clutch         Necromancy/Earth             5
Comestibles
 c - 12 rations
 v - a chunk of flesh


   Skills:
 + Level 5.3 Fighting
 * Level 7.3 Axes
 + Level 4.2 Armour
 + Level 2.5 Dodging
 + Level 1.4 Invocations


You had 6 spell levels left.
You didn't know any spells.

Dungeon Overview and Level Annotations

Branches:
Dungeon (5/15)             Temple (1/1) D:4

Altars:
Dithmenos
Elyvilon
Fedhas
Hepliaklqana
Nemelex Xobeh
Okawaru
Qazlal
Ru
Sif Muna
Trog
Uskayaw
Vehumet
Wu Jian
Xom
Yredelemnul
Zin
The Shining One

Annotations:
D:5 Menkaure


Innate Abilities, Weirdness & Mutations

Scrolls take you a little longer to read.
You possess an exceptional clarity of mind.
Your body sometimes deteriorates upon taking damage.
You expend magic power (3 MP) to strengthen your wands.


Message History

Menkaure is moderately damaged.
Menkaure's ankle releases a plume of dust as he confides, "I'm not really a mummy, you know."
Menkaure barely misses you.
You are too injured to fight recklessly!
You hit Menkaure.
Menkaure is heavily damaged.
Menkaure calls on the powers of darkness!
Your body is wracked with pain!
* * * LOW HITPOINT WARNING * * *
Menkaure closely misses you.
You hit Menkaure but do no damage.
Menkaure is heavily damaged.
Menkaure hits you.
* * * LOW HITPOINT WARNING * * *
It was a potion of mutation.
You feel extremely strange.
You feel your magical essence link to your wands.
Your vision blurs.
You feel yourself wasting away.
Your thoughts seem clearer.
Menkaure hits you!
You die...
Xom titters!

.. ##. #.$ ...
###.. ........
# ..... ..# h#
#.#.##.##.#
#..<...#..# .
#.#...M@..##.#
#)..##.##......
#...#.).#.##.##
#.......#...
#.#.........
##.##..#..)..
#......###..#
#.##..### ...
#.#.....#. ##


You could see Menkaure and a hound (wandering).

Vanquished Creatures
  A boggart (shapeshifter) (D:3)
  An ogre (D:5)
  An orc priest (D:4)
  Natasha (twice) (D:3)
  2 orc wizards (D:4)
  2 worker ants (D:4)
  5 adders
  3 gnolls (D:2)
  An ooze (D:3)
  An adder skeleton (D:4)
  A worm (D:3)
  6 dart slugs
  4 leopard geckos
  7 orcs (D:4)
  3 ball pythons
  5 giant cockroaches
  21 goblins
  11 hobgoblins
  4 jackals
  A kobold (shapeshifter) (D:2)
  2 quokkas (D:2)
  8 bats
  3 frilled lizards (D:3)
  12 kobolds
  10 rats
117 creatures vanquished.

Vanquished Creatures (others)
  An orc priest (D:4)
  An orc wizard (D:4)
  A worker ant (D:4)
  5 orcs (D:4)
  A jackal (D:4)
9 creatures vanquished.

Grand Total: 126 creatures vanquished

Notes
Turn   | Place    | Note
-------+----------+-------------------------------------------
     0 | D:1      | Lanoc the Hill Orc Chaos Knight began the quest for the Orb.
     0 | D:1      | Reached XP level 1. HP: 19/19 MP: 1/1
    37 | D:1      | Reached skill level 1 in Dodging
    37 | D:1      | Reached XP level 2. HP: 26/27 MP: 2/2
   263 | D:1      | Reached XP level 3. HP: 31/33 MP: 3/3
   320 | D:1      | XOM: divination: detect creatures
   334 | D:1      | XOM: harmless Summ miscast
   468 | D:1      | XOM: mild Conj miscast
   605 | D:1      | XOM: harmless Tloc miscast
  1179 | D:2      | Noticed Robin
  1180 | D:2      | Reached skill level 5 in Axes
  1180 | D:2      | Noticed Robin
  1180 | D:2      | Robin changed into Robin the dart slug
  1180 | D:2      | XOM: polymorph Robin -> Robin the dart slug
  1245 | D:1      | XOM: god gift: 27 gold pieces
  1362 | D:2      | Reached XP level 4. HP: 40/40 MP: 4/4
  1379 | D:2      | Killed Robin the dart slug
  1596 | D:2      | XOM: confuse monster(s)
  1598 | D:2      | Reached XP level 5. HP: 20/47 MP: 5/5
  1634 | D:2      | XOM: silly message
  1687 | D:2      | XOM: harmless Conj miscast
  2198 | D:2      | Found a runed door.
  2202 | D:2      | Noticed Crazy Yiuf
  2204 | D:2      | Noticed Crazy Yiuf
  2204 | D:2      | Crazy Yiuf changed into Crazy Yiuf the adder
  2209 | D:2      | Killed Crazy Yiuf the adder
  2364 | D:3      | Noticed Natasha
  2376 | D:3      | Killed Natasha
  2548 | D:3      | XOM: scenery: create altars
  2578 | D:3      | Reached skill level 6 in Axes
  2914 | D:3      | XOM: god gift: leather armour {god gift}
  2998 | D:3      | Noticed Natasha
  3006 | D:3      | Killed Natasha
  3006 | D:3      | Reached XP level 6. HP: 53/53 MP: 6/6
  3036 | D:3      | Found a glowing golden altar of the Shining One.
  3322 | D:3      | Noticed Natasha
  3324 | D:3      | XOM: divination: detect creatures
  3329 | D:3      | Natasha changed into Natasha the adder
  3333 | D:3      | XOM: polymorph Natasha the big kobold -> Natasha the boggart
  3334 | D:3      | XOM: divination: detect creatures
  3413 | D:4      | Fell from the grace of Xom
  3413 | D:4      | Became a worshipper of Beogh the Brigand
  3512 | D:4      | Reached skill level 5 in Fighting
  3650 | D:4      | Reached skill level 7 in Axes
  3673 | D:4      | Reached XP level 7. HP: 58/61 MP: 7/7
  3680 | D:4      | Found a staircase to the Ecumenical Temple.
  3689 | Temple   | Entered the Ecumenical Temple
  4038 | D:4      | Reached skill level 1 in Invocations
  4298 | D:5      | Entered Level 5 of the Dungeon
  4331 | D:5      | Noticed Menkaure
  4347 | D:5      | Gained mutation: You expend magic power (3 MP) to strengthen your wands. [potion of mutation]
  4347 | D:5      | Gained mutation: Scrolls take you a little longer to read. [potion of mutation]
  4347 | D:5      | Gained mutation: Your body sometimes deteriorates upon taking damage. [potion of mutation]
  4347 | D:5      | Gained mutation: You possess an exceptional clarity of mind. [potion of mutation]
  4347 | D:5      | Mangled by Menkaure

Vault maps used:
D:1:      dpeg_arrival_morbid_curiosity
D:2:      first_ration, uniq_crazy_yiuf_cottage, uniq_robin
D:3:      nicolae_tso_carved_into_rock, uniq_natasha
D:4:      temple_statues
D:5:      hangedman_decor_clover_reticule, uniq_menkaure
Temple:   eino_temple_rhombus

Skill      XL: |  1  2  3  4  5  6  7 |
---------------+----------------------+-----
Dodging        | 1 2 |  2.5
Fighting       | 4 5 |  5.3
Axes           | 5 6 7 |  7.3
Armour         | 3 4 |  4.2
Invocations    | 1 |  1.4

Action                   |  1- 3 |  4- 6 |  7- 9 || total
-------------------------+-------+-------+-------++-------
Melee: Hand axe          |   119 |   191 |    36 ||   346
Invok: Convert to Beogh  |       |     1 |       ||     1
  Use: Potion            |       |       |     1 ||     1
 Stab: Petrifying        |     2 |       |       ||     2
       Paralysed         |     1 |     3 |       ||     4
       Sleeping          |     1 |       |       ||     1
       Confused          |       |     3 |       ||     3
  Eat: Chunk             |     2 |     4 |     2 ||     8
       Ration            |       |     1 |       ||     1
Armor: Leather armour    |    51 |    61 |       ||   112
       Ring mail         |       |     4 |    15 ||    19
Dodge: Dodged            |    82 |   128 |    13 ||   223

Table legend:
 A = Spawn XP
 B = Non-spawn XP
 C = Spawn XP percentage of total XP
 D = Spawn monster count
 E = Non-spawn monster count
 F = Spawn count percentage of total count
 G = Total turns spent on level
                    A         B        C        D         E        F      G
               +---------+---------+-------+---------+---------+-------+---------
         Total |       0 |     771 |   0.0 |       0 |     117 |   0.0 |  4347
               +---------+---------+-------+---------+---------+-------+---------
           D:1 |       0 |      56 |   0.0 |       0 |      32 |   0.0 |  1299
           D:2 |       0 |     136 |   0.0 |       0 |      33 |   0.0 |   989
           D:3 |       0 |     262 |   0.0 |       0 |      33 |   0.0 |  1108
           D:4 |       0 |     201 |   0.0 |       0 |      18 |   0.0 |   720
           D:5 |       0 |     116 |   0.0 |       0 |       1 |   0.0 |    49
               +---------+---------+-------+---------+---------+-------+---------
